[Event "Romanian Team Blitz Open 2022"]
[Site "Sebes"]
[Date "2022.12.04"]
[Round "1.18"]
[White "Nevednichy, Vladislav"]
[Black "Burja-Udrea, Razvan-Andrei"]
[Result "1-0"]
[ECO "A36"]
[WhiteElo "2499"]
[BlackElo "1365"]
[Annotator "TA"]
[PlyCount "123"]
[EventDate "2022.12.04"]
[EventType "blitz"]
[EventCountry "ROU"]
[SourceTitle "playchess.com"]
[Source "ChessBase"]
[SourceQuality "1"]
[TimeControl "180+2"]

1. c4 c5 2. Nc3 Nc6 3. g3 e6 4. Bg2 Nge7 5. e4 b6 6. Nge2 {[%emt 0:00:02] A36: Symmetrical English vs ...g6: 4 Bg2 Bg7.} Bb7 7. O-O d6 (7... Nd4 $11) 8. d4 $16 {[%emt 0:00:02] White is better.} cxd4 9. Nxd4 Nxd4 10. Qxd4 Nc6 11. Qd2 {[%emt 0:00:02] White is more active.} Be7 12. b3 O-O {[%emt 0:00:09] [#]} 13. Rd1 $146 ({Predecessor:} 13. Ba3 e5 14. Rad1 Nd4 15. Ne2 Nxe2+ 16. Qxe2 Qd7 17. f4 Qc7 18. f5 f6 19. Bb4 {0-1 (46) Brezovar,M (2254)-Radlovacki,J (2381) Budapest 2015}) 13... Rc8 14. Ba3 Qc7 (14... Qd7 $16) 15. Bxd6 $18 Bxd6 16. Qxd6 Rfd8 {[%emt 0:00:27] Prevents e5.} (16... Qxd6 $16 {was necessary.} 17. Rxd6 e5) 17. Qxc7 Rxc7 18. Rxd8+ Nxd8 19. Rd1 {[%emt 0:00:01][%cal Rd1d8] [#] Prevents Rd7.} Nc6 (19... Rc8 {was called for.} 20. Rd7 Kf8) 20. e5 Kf8 $2 (20... h6 21. f4 Re7) 21. Nb5 Re7 22. Bxc6 Bxc6 {[%emt 0:00:01][%mdl 4096] Endgame KRB-KRN} 23. Rd8+ Re8 24. Rxe8+ Kxe8 25. Nxa7 {[%emt 0:00:02] KB-KN} Be4 26. Nb5 {[%emt 0:00:02] [#] Strongly threatening Nd6+.} Bb1 27. Nc3 Bc2 28. Kf1 Kd7 29. Ke2 Kc6 30. Ke3 Kc5 31. Na4+ Kc6 32. Kd4 Bb1 33. Nc3 Bc2 34. f4 g6 35. b4 h5 36. Nb5 {[%emt 0:00:04] Nd6 is the strong threat.} Bb1 37. a3 Kd7 38. c5 bxc5+ 39. Kxc5 {[%emt 0:00:02] White wants to mate with a4.} Bd3 40. a4 {[%emt 0:00:01] White mates.} Bf1 41. a5 Kc8 42. a6 Kb8 43. Kb6 Bxb5 44. Kxb5 {[%emt 0:00:01] KP-KP} Ka7 45. Ka5 Ka8 46. Kb6 Kb8 47. b5 Ka8 48. Kc6 Ka7 49. Kd6 Kb6 50. Ke7 Kxb5 51. a7 Kc4 52. a8=Q Kd3 53. Qa2 Ke4 54. Kxf7 Kf5 55. Qc2+ Kg4 56. Kxg6 Kh3 57. Kf6 Kg4 58. Kxe6 Kh3 59. Qf5+ Kxh2 60. Qxh5+ Kxg3 61. f5 Kf2 62. f6 {[%emt 0:00:16] White took control after the opening.   Weighted Error Value: White=0.12 (very precise) /Black=0.43} 1-0

[Event "Romanian Team Blitz Open 2022"]
[Site "Sebes"]
[Date "2022.12.04"]
[Round "1.19"]
[White "Simina, Alexandru-Ioan"]
[Black "Stoleriu, George"]
[Result "0-1"]
[ECO "E12"]
[WhiteElo "1244"]
[BlackElo "2389"]
[Annotator "TA"]
[PlyCount "66"]
[EventDate "2022.12.04"]
[EventType "blitz"]
[EventCountry "ROU"]
[SourceTitle "playchess.com"]
[Source "ChessBase"]
[SourceQuality "1"]
[TimeControl "180+2"]

1. d4 Nf6 2. c4 e6 3. a3 b6 4. Nf3 Bb7 5. Bf4 d6 6. e3 {[%emt 0:00:04] E12: Queen's Indian: Unusual White 4th moves, 4 a3, 4 Nc3 Bb7 5 a3 and 4 Nc3 Bb7 .} Nbd7 {[%emt 0:00:01] [#]} 7. b4 $146 ({Predecessor:} 7. Nc3 h6 8. h3 g5 9. Bh2 Bg7 10. d5 e5 11. Nd2 Qe7 12. Be2 Nf8 13. Qa4+ {0-1 (39) De Coninck,E (1623)-Petrov,M (1990) Mureck 2013}) 7... a5 {[%emt 0:00:05] White must now prevent ...axb4.} 8. Nc3 {[%emt 0:00:33] The position is equal.} g6 9. Be2 Bg7 10. O-O O-O 11. Qc2 h6 12. Rfd1 Nh5 13. Bg3 Nxg3 14. hxg3 f5 15. Nh4 g5 16. Ng6 (16. Nf3 {simplifies} Qe7 17. Rab1 axb4 18. axb4 Qf7 19. Nd2) 16... Rf6 17. Bh5 Kh7 $36 {[%emt 0:00:02][%cal Bg8h7,Bh7g6,Bg6f5][%mdl 2080] Black has some pressure.} 18. e4 (18. g4 $5) 18... Rxg6 19. Bxg6+ (19. exf5 $11 exf5 20. Qxf5) 19... Kxg6 $17 20. exf5+ {[%emt 0:00:02][%mdl 64] Remove Defender} exf5 {[%emt 0:00:01] aiming for ...axb4.} 21. g4 {[%emt 0:00:03][%csl Gg4][%cal Rc2f5] [#]} Qf8 (21... Kf7 $142 $1 22. Qxf5+ Nf6) 22. gxf5+ (22. Nb5 $17 {keeps fighting.}) 22... Qxf5 $19 23. Qxf5+ Kxf5 24. Rd3 $2 (24. Nb5) 24... axb4 25. Re3 (25. Nb5 $142 Be4 26. Rd2) 25... Bxd4 26. Re7 Bxc3 27. Rd1 {[%emt 0:00:27] [#]} bxa3 $1 {[%emt 0:00:11][%cal Oa3a2] ...a2! is the strong threat.} 28. Rxd7 a2 29. Rf7+ Kg6 {[%emt 0:00:01] Black mates.} 30. Re7 a1=Q 31. Rxa1 Rxa1+ 32. Kh2 Be5+ 33. g3 Rh1# {[%emt 0:00:02] Weighted Error Value: White=0.78/Black=0.10 (very precise)} 0-1

[Event "Romanian Team Blitz Open 2022"]
[Site "Sebes"]
[Date "2022.12.04"]
[Round "1.20"]
[White "Zubcu, Vlad-George"]
[Black "Simina, Andrei-Petru"]
[Result "1-0"]
[ECO "D01"]
[WhiteElo "2135"]
[BlackElo "1033"]
[Annotator "TA"]
[PlyCount "115"]
[EventDate "2022.12.04"]
[EventType "blitz"]
[EventCountry "ROU"]
[SourceTitle "playchess.com"]
[Source "ChessBase"]
[SourceQuality "1"]
[TimeControl "180+2"]

1. d4 d5 2. Nc3 Nf6 3. Bg5 h6 4. Bxf6 gxf6 5. e4 dxe4 6. Nxe4 {[%emt 0:00:01] D01: Veresov Opening.} Nc6 7. Nf3 Bf5 {[%emt 0:00:02] [#]} 8. Nc3 $146 (8. Ng3 $14 Qd5 9. Nxf5 Qxf5 10. Bd3 Qe6+ 11. Be2) ({Predecessor:} 8. Nc5 Rb8 9. Bb5 e6 10. Nxb7 Qd7 11. Bxc6 Qxc6 12. Nc5 Bxc5 13. dxc5 Rg8 14. O-O Bh3 15. Qd2 Bxg2 16. Rfe1 Bh3+ {0-1 (16) Olivares Cortes,L (1249)-Cabrera Canales,L (1227) Valparaiso 2015}) 8... e6 9. g3 Bb4 10. Bg2 $1 Qd7 11. O-O O-O-O 12. Ne2 Rhe8 13. c3 (13. Nh4 {with more complications.} Bg4 14. c3 Bd6 15. h3) 13... Bf8 (13... Bd6 $14) 14. Nh4 $16 {[%emt 0:00:13] aiming for Nxf5.} Bg4 15. Qc2 (15. f3 $16 Bh5 16. Nf4) 15... Bxe2 (15... e5 $11) 16. Qxe2 Bg7 (16... e5 $16 {was worth a try.}) 17. a4 e5 (17... f5 $16) 18. d5 (18. a5 $18 {And now a6 would win.} exd4 19. Qf3) 18... Ne7 19. c4 c6 $2 {[%emt 0:00:04] This costs Black the game.} (19... f5 $16) 20. Rfd1 $18 {[%emt 0:00:03] [#] Threatens to win with dxc6.} Qc7 (20... cxd5 21. cxd5 Kb8) 21. Qg4+ Kb8 22. Qxg7 cxd5 23. cxd5 Rxd5 24. Bxd5 Rd8 25. Bf3 Rxd1+ 26. Rxd1 a6 27. Qxf6 Nc6 28. Bxc6 {[%emt 0:00:03] White mates.} bxc6 29. Qd8+ Qxd8 30. Rxd8+ Kc7 31. Rf8 Kb6 32. b4 c5 33. bxc5+ Kxc5 34. Rxf7 Kb4 35. Rf5 e4 36. Rf4 Kxa4 37. Rxe4+ Kb5 38. f4 a5 39. f5 a4 40. f6 a3 41. f7 a2 42. f8=Q a1=Q+ 43. Qf1+ Qxf1+ 44. Kxf1 Kc5 45. g4 Kd5 46. Rf4 Ke5 47. Ng2 Ke6 48. h4 Ke5 49. g5 Ke6 50. gxh6 Ke7 51. h7 Ke6 52. h8=Q Kd6 53. Qf6+ Kd7 54. Rd4+ Kc7 55. Qd6+ Kb7 56. Rb4+ Ka7 57. Qb6+ Ka8 58. Qb7# {[%emt 0:00:01] Weighted Error Value: White=0.18 (very precise) /Black=0.57} 1-0

[Event "Romanian Team Blitz Open 2022"]
[Site "Sebes"]
[Date "2022.12.04"]
[Round "1.21"]
[White "Costachi, Mihnea"]
[Black "Miron, Toma"]
[Result "1-0"]
[ECO "D11"]
[WhiteElo "2476"]
[BlackElo "2188"]
[Annotator "TA"]
[PlyCount "34"]
[EventDate "2022.12.04"]
[EventType "blitz"]
[EventCountry "ROU"]
[SourceTitle "playchess.com"]
[Source "ChessBase"]
[SourceQuality "1"]
[TimeControl "180+2"]

1. d4 d5 2. c4 dxc4 3. Nf3 c6 4. e3 b5 5. a4 Bb7 6. b3 {[%emt 0:00:03] D11: Slav Defence: 3 Nf3 sidelines and 3...Nf6 4 e3 Bg4.} cxb3 7. axb5 (7. Qxb3 a6 $11) 7... cxb5 $2 (7... e6 $14) 8. Bxb5+ $18 {[%emt 0:00:04] White is clearly better.} (8. Qxb3 a6 $11) 8... Nd7 $2 (8... Bc6 {was called for.}) 9. Qxb3 $2 {[%emt 0:00:07] [#]} (9. Ne5 $18 {is the precise move to win.} Ngf6 10. Qxb3) 9... e6 $146 (9... Bxf3 $16 {is a better chance.} 10. gxf3 Ngf6) ({Predecessor:} 9... Bxf3 10. gxf3 g6 11. O-O Bg7 12. Qa4 Ngf6 13. Bd2 O-O 14. Bb4 Nb6 15. Qa3 Qd5 {1-0 (69) Bentley,B (1861)-Sponga,G (1772) Edmonton 2015}) 10. Ne5 Bd5 11. Qa4 (11. Bxd7+ Qxd7 12. Nxd7 Bxb3 $18) 11... Ngf6 12. O-O a6 13. Bxd7+ ({Not} 13. Bxa6 Qb6 $14) 13... Nxd7 14. Ba3 (14. Nd2 $18 {and White stays clearly on top.}) 14... Bxa3 (14... f6 $142) 15. Nxa3 $16 {[%emt 0:00:07][%cal Oe3e4] Strongly threatening e4!} ({Don't do} 15. Rxa3 $6 f6 $16) 15... f6 {[%emt 0:00:06] [#] Prevents e4.} 16. Nc6 {[%emt 0:00:09] White is much more active.} (16. e4 $1 $16 Bxe4 {[#]} 17. Nac4 $1 fxe5 18. Nd6+ Kf8 19. Nxe4) 16... Qc7 (16... Nb6 $1 $11 17. Qc2 (17. Nxd8+ Nxa4 18. e4 Rxd8 $15) 17... Qd6) 17. Nb4 {[%emt 0:00:20] Pair of Knights!} O-O {[%emt 0:00:11] Weighted Error Value: White=0.64/Black=0.86} 1-0

[Event "Romanian Team Blitz Open 2022"]
[Site "Sebes"]
[Date "2022.12.04"]
[Round "1.22"]
[White "Campian, Cristian"]
[Black "Ileana, George"]
[Result "0-1"]
[ECO "B23"]
[WhiteElo "1998"]
[BlackElo "2343"]
[Annotator "TA"]
[PlyCount "96"]
[EventDate "2022.12.04"]
[EventType "blitz"]
[EventCountry "ROU"]
[SourceTitle "playchess.com"]
[Source "ChessBase"]
[SourceQuality "1"]
[TimeControl "180+2"]

1. e4 c5 2. Nc3 d6 3. f4 Nf6 4. Nf3 g6 5. Bc4 Bg7 6. O-O O-O 7. d3 Nc6 8. a4 e6 {[%emt 0:00:00][%cal Be7e6,Be6d5][%mdl 32] [#] B23: Closed Sicilian: Lines without g3.} 9. Ne2 $146 ({White should play} 9. Bb3 $11) ({Predecessor:} 9. Ba2 a6 10. h3 Ne8 11. Qe1 Bd7 12. Qf2 b5 13. e5 c4 14. dxc4 b4 15. Ne4 dxe5 16. fxe5 Nxe5 17. Nxe5 Bxe5 {1-0 (31) Ruzicka,J (2243)-Zima,J (2104) Pardubice 2020}) 9... d5 $15 10. exd5 exd5 {[%emt 0:00:00] Black is slightly better.} 11. Bb3 Re8 12. c3 Ng4 (12... c4 $17 13. Ba2 (13. dxc4 Rxe2 14. Qxe2 Qb6+ 15. Be3 Qxb3 $17) 13... Qb6+ 14. d4 Bf5) 13. d4 c4 14. Bc2 f6 $2 {[%emt 0:00:00] Inhibits Ne5. Black is much more active.} (14... Qe7 $1 $17 15. Qd2 Qxe2) 15. Ng3 (15. f5 $1 $18 ) 15... Ne3 $2 (15... f5 $1 $11) 16. Bxe3 $16 Rxe3 17. f5 g5 (17... Ne7 $16 {keeps fighting.}) 18. Nh5 Bf8 19. Re1 (19. Qd2 $142 Re8 20. h4 gxh4 21. Qf4) 19... Rxe1+ $18 20. Qxe1 {[%emt 0:00:00] h4 is the strong threat.} Kf7 21. Qe2 Bd7 22. Re1 Bd6 (22... Qc7 $142) 23. g4 {[%emt 0:00:00] And now Qg2 would win.} Qc7 ({Weaker is} 23... Kg8 24. h4 Kh8 25. hxg5 fxg5 26. Ne5) 24. Qf2 ({Better is} 24. Qf1 $18 {[%cal Oh5f6] Strongly threatening Nxf6!} Re8 25. Re6 $1 Bxe6 26. fxe6+ Ke7 27. Nxg5 $1 Bxh2+ 28. Kh1) 24... Re8 {[%emt 0:00:00] [#]} (24... Rg8 $16 25. h3 Rf8) 25. Rxe8 (25. Re6 $142 $1 Be7 {[#]} 26. h4 $1) 25... Bxe8 26. Qe2 (26. h4 $16 h6 27. b3) 26... Qe7 $11 27. Qxe7+ Nxe7 (27... Kxe7 {simplifies} 28. Kg2 Bxh5 29. gxh5 Bf4) 28. Kg2 ({White should try} 28. b4 $15) 28... Nc8 29. Ng3 Nb6 30. a5 Nc8 (30... Na4 $142 31. Bxa4 Bxa4) 31. h4 h6 32. hxg5 hxg5 33. Nf1 Bc7 34. Ne3 Ne7 35. a6 b5 36. b3 Bd7 37. bxc4 bxc4 38. Nd1 (38. Nd2 $17) 38... Bb5 $19 39. Nb2 Ba5 40. Nd1 Ke8 41. Nd2 Kd7 42. Nb1 Kd6 43. Kf3 Bxa6 44. Ba4 Bb7 45. Ne3 Bc6 46. Bxc6 (46. Bd1 $142) 46... Nxc6 47. Na3 (47. Ke2 {is a better defense.}) 47... a6 ({Don't take} 47... Bxc3 48. Nb5+ Kd7 49. Nxc3 Nxd4+ 50. Kg3 $16) 48. Nac2 $2 (48. Nd1) 48... Bxc3 {[%emt 0:00:03] Weighted Error Value: White=0.56/Black=0.46} 0-1

[Event "Romanian Team Blitz Open 2022"]
[Site "Sebes"]
[Date "2022.12.04"]
[Round "1.23"]
[White "Negrean, Andrei"]
[Black "Sandru, Nicolae"]
[Result "1-0"]
[ECO "D30"]
[WhiteElo "1991"]
[BlackElo "1647"]
[Annotator "TA"]
[PlyCount "83"]
[EventDate "2022.12.04"]
[EventType "blitz"]
[EventCountry "ROU"]
[SourceTitle "playchess.com"]
[Source "ChessBase"]
[SourceQuality "1"]
[TimeControl "180+2"]

1. d4 d5 2. c4 e6 3. Nf3 Nf6 4. g3 c6 5. Nbd2 Bd6 6. Bg2 {[%emt 0:00:02] D30: Queen's Gambit Declined: Systems without Nc3.} O-O 7. O-O Re8 8. Qc2 {[%emt 0:00:04] [#] White is slightly better.} Bf8 $146 ({Predecessor:} 8... Nbd7 9. e4 dxe4 10. Nxe4 Nxe4 11. Qxe4 e5 12. Ng5 Nf6 13. Qh4 exd4 14. Qxd4 Be5 15. Qh4 Bf5 16. Nf3 Bc7 17. Bg5 h6 18. Bxf6 Qxf6 19. Qxf6 gxf6 {0-1 (45) Kim,S (2295)-Jakubowska,A (2106) Chess.com INT 2022}) 9. e4 Nxe4 10. Nxe4 dxe4 11. Qxe4 Nd7 12. Bf4 {[%emt 0:00:02] Inhibits e5.} Nf6 13. Qe2 Bd7 14. Rfd1 g6 15. Rac1 Bg7 16. Be5 Nh5 17. Bxg7 (17. g4 $142 Nf6 18. Nd2) 17... Nxg7 $16 18. Ne5 Rc8 19. c5 Rf8 20. Nc4 {[%emt 0:00:05] White is much more active.} Ne8 21. b4 Qf6 22. Qe5 Rc7 23. h4 Bc8 24. a4 Qxe5 (24... a6 $16 25. h5 Qd8) 25. dxe5 $18 Ng7 26. Be4 Nf5 27. Rd2 Ne7 28. Nd6 Nd5 29. b5 Kg7 30. f4 f5 $2 {[%emt 0:00:01] [#]} (30... h5 {was called for.} 31. Rb2 Rd7) 31. Bxd5 exd5 32. Kf2 Be6 33. Rb2 Bg8 (33... Kh6 $142 34. a5 a6) 34. Ke3 Rd8 35. bxc6 bxc6 36. Rcb1 Rdd7 (36... Rcd7 $142 37. a5 Kh6) 37. Kd4 Bf7 38. Rb8 h6 39. a5 Bg8 40. Ne8+ Kh7 41. Nxc7 Rxc7 42. R8b7 {[%emt 0:00:01] Weighted Error Value: White=0.12 (very precise) /Black=0.56} 1-0

[Event "Romanian Team Blitz Open 2022"]
[Site "Sebes"]
[Date "2022.12.04"]
[Round "1.24"]
[White "Tarciuc, Ianis-Mihai"]
[Black "Tampea, Radu"]
[Result "0-1"]
[ECO "A15"]
[WhiteElo "1642"]
[BlackElo "2110"]
[Annotator "TA"]
[PlyCount "61"]
[EventDate "2022.12.04"]
[EventType "blitz"]
[EventCountry "ROU"]
[SourceTitle "playchess.com"]
[Source "ChessBase"]
[SourceQuality "1"]
[TimeControl "180+2"]

1. c4 e6 2. g3 d5 3. Bg2 Nf6 4. b3 a6 5. Nf3 b6 6. O-O {[%emt 0:00:02] A15: English Opening: 1...Nf6.} Bb7 7. Nc3 Nbd7 (7... d4 $5 8. Na4 Be7 $11) 8. Bb2 {[%emt 0:00:02] [#] White is slightly better.} Be7 $146 ({Predecessor:} 8... dxc4 9. bxc4 c5 10. e3 Bd6 11. Qe2 O-O 12. Ne1 Bxg2 13. Kxg2 Be5 14. f4 Bxc3 15. Bxc3 {½-½ (68) Schitco,I (2462)-Gorodetzky,D (2461) Arad 2019}) 9. d4 O-O 10. Ne5 dxc4 $2 11. Bxb7 $18 {[%emt 0:00:34][%cal Bg2b7,Bb7a6,Ba6d3][%mdl 32] [#] Strongly threatening Nc6.} Rb8 12. Nc6 Qe8 13. Nxb8 Qxb8 14. Bxa6 cxb3 15. Qxb3 c5 16. Na4 h5 17. dxc5 Nxc5 18. Nxc5 Bxc5 19. Bd3 h4 20. Ba3 hxg3 21. hxg3 (21. Bxc5 $18 gxh2+ 22. Kh1 Qa8+ 23. f3 bxc5 24. Rf2) 21... Qxg3+ $11 22. Kh1 Qh3+ {[%emt 0:00:22][%mdl 1024] Black has compensation.} 23. Kg1 Qg3+ (23... Ng4 $5 24. Bh7+ Qxh7 $11) 24. Kh1 Qh3+ 25. Kg1 Ng4 $40 {[%emt 0:00:00][%csl Gg4][%cal Rh3h2][%mdl 128] White needs to defend precisely.} 26. Bh7+ $1 Qxh7 27. Qg3 {[%emt 0:00:01] Prevents Qh2+. Hoping for Bxc5.} Bxa3 {[%emt 0:00:00] Chess con chili.} 28. Qxg4 f5 $1 29. Qg3 {[%emt 0:00:06] [#]} ({White has to play} 29. Qf3 $1 $15 Rf6 30. Rfe1 (30. Qxa3 $2 {is the wrong capture.} Rg6+ $19)) 29... Rf6 $1 $19 30. Qh2 (30. Qxa3 $19 Rg6+ 31. Qg3) 30... Rg6+ 31. Kh1 {[%emt 0:00:05] Quite a comeback for Black.   Weighted Error Value: White=0.88/Black=0.50} 0-1

[Event "Romanian Team Blitz Open 2022"]
[Site "Sebes"]
[Date "2022.12.04"]
[Round "1.25"]
[White "Soltanici, Ruslan"]
[Black "Butuza, Stefan Aurelian"]
[Result "1-0"]
[ECO "C83"]
[WhiteElo "2357"]
[BlackElo "1529"]
[Annotator "TA"]
[PlyCount "55"]
[EventDate "2022.12.04"]
[EventType "blitz"]
[EventCountry "ROU"]
[SourceTitle "playchess.com"]
[Source "ChessBase"]
[SourceQuality "1"]
[TimeControl "180+2"]

1. e4 e5 2. Nf3 Nc6 3. Bb5 a6 4. Ba4 Nf6 5. O-O Nxe4 6. d4 b5 7. Bb3 d5 8. dxe5 Be6 9. c3 Be7 10. Nbd2 Nc5 11. Bc2 O-O 12. Nb3 Nxb3 {[%emt 0:00:05] C83: Open Ruy Lopez: 9 c3 Be7.} 13. axb3 {[%emt 0:00:15] [#]} Bc5 $146 ({Black should try} 13... Qd7 $14) ({Predecessor:} 13... Bg4 14. Re1 Qd7 15. Qd3 g6 16. Bh6 Rfe8 17. Nd4 Bc5 18. Nxc6 Qxc6 19. b4 Be7 20. Qg3 {1-0 (28) Corrales Jimenez,F (2559)-Orlov,G (2466) Chess.com INT 2019}) 14. b4 $2 (14. Ng5 $1 $18 {and the rest is easy.} g6 15. Nxh7 $1 ) 14... Bb6 $2 (14... Be7 $16 {was necessary.}) 15. Qd3 (15. Ng5 $1 $18 g6 16. Nxh7 $1 Nxe5 17. Nxf8 Qxf8 18. Bf4) 15... g6 $16 16. Bg5 $40 {[%emt 0:00:46][%mdl 128] Inhibits d4. White attacks.} (16. Bh6 $16) 16... Qd7 $2 (16... Nxe5 $1 $14 17. Bxd8 Nxd3) 17. Bf6 $18 {[%emt 0:00:03] White threatens Qd2 and mate.} Rfc8 18. Qd2 {[%emt 0:00:03] Qh6 would kill now.} Qe8 19. Qh6 Qf8 {[%emt 0:01:01] Against Qg7+} 20. Qh4 {aiming for Ng5.} Nb8 $2 (20... Re8 21. Rfc1 (21. Ng5 h6 $18) 21... h6) 21. Ng5 h5 22. Nxe6 fxe6 23. Bxg6 (23. Qg5 $142 Qf7 24. Bxg6 (24. Qxg6+ Qxg6 25. Bxg6 Nd7 $18) 24... Nc6 25. Bxh5+ Kf8 26. Qh6+ Ke8 27. Bxf7+ Kd7 28. Bxe6+ $1 Kxe6 29. Bg5+ Kf5 30. Qf6+ Ke4 31. Qg6+ Kxe5 32. Rfe1+ Be3 33. Rxe3#) 23... Nd7 {[%emt 0:00:00] [#]} 24. Bxh5 (24. Bh7+ $142 $1 Kxh7 25. Qxh5+ Qh6 26. Qf7+ Qg7 27. Qxg7#) 24... Nxf6 25. exf6 {[%emt 0:00:01] White wants to mate with Qg5+.} c6 26. Rae1 {[%emt 0:00:06] White mates.} Bd8 27. Rxe6 Rc7 28. Re8 {[%emt 0:00:09] Weighted Error Value: White=0.80/Black=1.66} (28. Qg5+ $142 Kh8 29. Re8 Qxe8 30. Bxe8 Rh7 31. Bg6 Bxf6 32. Qxf6+ Kg8 33. Bxh7+ Kxh7 34. Re1) 1-0

[Event "Romanian Team Blitz Open 2022"]
[Site "Sebes"]
[Date "2022.12.04"]
[Round "1.26"]
[White "Tatar, Marius Lucian"]
[Black "Cosma, Ioan"]
[Result "0-1"]
[ECO "B31"]
[WhiteElo "1405"]
[BlackElo "2368"]
[Annotator "TA"]
[PlyCount "122"]
[EventDate "2022.12.04"]
[EventType "blitz"]
[EventCountry "ROU"]
[SourceTitle "playchess.com"]
[Source "ChessBase"]
[SourceQuality "1"]
[TimeControl "180+2"]

1. e4 c5 2. Nf3 Nc6 3. Bb5 g6 4. O-O Bg7 5. Re1 Nf6 6. c3 O-O 7. e5 Nd5 8. d4 cxd4 9. cxd4 d6 10. Bxc6 bxc6 11. Nc3 Nxc3 12. bxc3 Bg4 13. Bf4 {[%emt 0:00:06] [#] B31: Sicilian: 2...Nc6 3 Bb5 g6.} dxe5 $146 ({Predecessor:} 13... d5 14. h3 Bf5 15. Qa4 Qc7 16. g4 Bd3 17. Bg3 e6 18. Red1 Bb5 19. Qb4 Rfb8 {0-1 (46) Pein,J (2239)-Quizon,D (2319) Chess.com INT 2021}) 14. dxe5 Qa5 15. h3 {[%emt 0:00:15] Black has an edge.} Rad8 16. Qe2 Bxf3 17. Qxf3 Qd5 18. Red1 Qxf3 19. gxf3 e6 (19... Rd5 $15) 20. Rd6 $11 f6 (20... Rxd6 $11 21. exd6 Bxc3) 21. exf6 (21. Rad1 $14 Rb8 22. exf6 Rxf6 23. Be3) 21... Bxf6 22. Rad1 Rxd6 23. Rxd6 Be7 24. Rxe6 {[%emt 0:00:06] And now Be3 would win.} Rxf4 25. Rxe7 {[%emt 0:00:03][%mdl 4096] Endgame KR-KR} a5 26. Re3 Ra4 27. Re2 Kf7 28. Kg2 Kf6 29. Kg3 Rc4 30. Re3 g5 31. Kg2 h5 32. Kg3 Kf5 33. Kg2 h4 34. Rd3 Ra4 35. Rd2 Ra3 36. Rc2 Ke5 37. Kg1 $2 {[%emt 0:00:05][%mdl 8192] [#]} (37. Re2+ $11 {and White stays safe.} Kd5 38. Re4) 37... c5 $2 (37... Kd5 $1 $19 38. Kg2 Kc4) 38. Kg2 $2 {[%emt 0:00:01][%mdl 8192] [#] Loses the game.} (38. Kf1 $1 $11 {and White is okay.}) 38... Kd5 $1 $19 39. c4+ (39. Re2 $142 Rxc3 40. Re3) 39... Kd4 40. Re2 Kxc4 41. Re5 Rxa2 42. Rxg5 a4 43. f4 a3 {[%emt 0:00:05] Hoping for ...Rb2.} 44. f5 Rb2 {[%emt 0:00:04] White must now prevent ...a2.} 45. f6 (45. Rg4+ $142 Kc3 46. Ra4) 45... Rb6 46. Rg4+ Kb3 47. Rf4 a2 48. f7 Rb8 (48... a1=B $2 49. f8=Q (49. f8=B c4 $17) 49... Bd4 50. Qf5 $18) 49. Rf3+ Kb2 50. f8=Q Rxf8 (50... a1=B {gets mated.} 51. Qxb8+ Kc1 52. Qb3 c4 53. Qxc4+ Kb1 54. Rb3+ Bb2 55. Qc3 Ka2 56. Qxb2#) 51. Rxf8 a1=Q {[%emt 0:00:01] KQ-KR} (51... a1=B $2 52. Rc8 $18) 52. Rf3 Qa8 {[%emt 0:00:03] ( -> ...c4)} 53. Kh2 {[%emt 0:00:03] Against c4} Qxf3 {[%emt 0:00:01] Black mates.} 54. Kg1 Kc2 55. Kh2 Qxf2+ 56. Kh1 Qe2 57. Kg1 Kd3 58. Kh1 c4 59. Kg1 c3 60. Kh1 c2 61. Kg1 c1=R# {[%emt 0:00:02] Weighted Error Value: White=1.04/Black=0.38} 0-1

[Event "Romanian Team Blitz Open 2022"]
[Site "Sebes"]
[Date "2022.12.04"]
[Round "1.28"]
[White "Olariu-Chilut, Sofia"]
[Black "Bulau, Andrei-Cristian"]
[Result "0-1"]
[ECO "B21"]
[WhiteElo "1065"]
[BlackElo "2154"]
[Annotator "TA"]
[PlyCount "56"]
[EventDate "2022.12.04"]
[EventType "blitz"]
[EventCountry "ROU"]
[SourceTitle "playchess.com"]
[Source "ChessBase"]
[SourceQuality "1"]
[TimeControl "180+2"]

1. d4 c5 2. e4 cxd4 3. c3 Nf6 4. Bd3 dxc3 5. Nxc3 Nc6 6. Nf3 {[%emt 0:00:02] B21: Sicilian: 2 f4 and Morra Gambit.} d6 {[%emt 0:00:00] Against e5} 7. O-O g6 8. Bf4 {[%emt 0:00:06] Black is slightly better.} Bg7 {[%emt 0:00:01] [#]} 9. Re1 $146 ({Predecessor:} 9. h3 O-O 10. Qe2 Bd7 11. Rfd1 Rc8 12. Rac1 a6 13. Bb1 b5 14. a3 Qb6 15. e5 dxe5 16. Nxe5 Nxe5 17. Bxe5 Bc6 18. Bd4 Qb7 19. f3 e6 {½-½ (19) Sanchez,S (1755)-Alvarado Quintero,L (1323) Sopo 2021}) 9... O-O 10. e5 (10. h3 $15) 10... dxe5 (10... Nh5 $19 11. Bg5 h6) 11. Nxe5 $17 Nxe5 12. Bxe5 Be6 {[%emt 0:03:02] Against Bc4} 13. Bb5 a6 14. Qxd8 ({White should try} 14. Be2) 14... Rfxd8 15. Ba4 b5 16. Bb3 Bxb3 17. axb3 e6 18. Ne4 (18. Kf1 $17) 18... Nxe4 $19 19. Bxg7 Kxg7 20. Rxe4 {[%emt 0:00:01][%mdl 4096] Endgame KRR-KRR} Rd2 21. Rb1 Rc8 22. Ree1 Rcc2 23. Ra1 $2 {[%emt 0:00:22] [#]} (23. Rf1) 23... Rxf2 24. Rxa6 Rxg2+ {[%emt 0:00:00] Black mates.} 25. Kh1 Rxh2+ 26. Kg1 Rcg2+ 27. Kf1 Rxb2 28. Ra3 Rh1# {[%emt 0:00:00] Weighted Error Value: White=0.79/Black=0.06 (flawless)} 0-1